 Dungeon Crawl Stone Soup version 0.26.1-2-gb8aa6d0cf2 (webtiles) character file.

Game seed: 17023424422698789908

1363 FancyManDan the Insei (level 8, -8/61 HPs)
             Began as a Demonspawn Transmuter on Feb 10, 2021.
             Killed by divine providence
             ... invoked by an orc priest
              (14 damage)
             ... on level 6 of the Dungeon.
             The game lasted 00:25:28 (7291 turns).

FancyManDan the Insei (Demonspawn Transmuter)       Turns: 7291, Time: 00:25:29

Health: -8/61      AC:  2    Str: 10    XL:     8   Next: 38%
Magic:  0/14       EV: 18    Int: 18    God:
Gold:   342        SH:  0    Dex: 13    Spells: 8/16 levels left

rFire    . . .     SeeInvis .     - Unarmed
rCold    + . .     Faith    .   (no shield)
rNeg     . . .     Spirit   +   a - +0 robe
rPois    +         Reflect  .   (helmet currently unavailable)
rElec    .         Harm     .   (no cloak)
rCorr    .         Rampage  .   (no gloves)
Will     .....                  (boots currently unavailable)
Stlth    +.........             n - amulet of guardian spirit (curse)
HPRegen  0.20/turn              p - +4 ring of evasion
MPRegen  0.14/turn              w - ring of poison resistance

@: appendages, wereblooded
A: antennae 1, talons 2, cold resistance 1, demonic guardian 1, freezing cloud
immunity
a: End Transformation


You were on level 6 of the Dungeon.
You had grown temporary talons.
You visited 1 branch of the dungeon, and saw 6 of its levels.

You collected 342 gold pieces.

Inventory:

Armour
 a - a +0 robe (worn)
 c - a +0 pair of boots (melded)
Magical Staves
 C - an uncursed staff of death
Jewellery
 n - a cursed amulet of guardian spirit (around neck)
 p - a +4 ring of evasion (left hand)
 q - an uncursed ring of ice
 r - an uncursed ring of positive energy
 t - a cursed amulet of inaccuracy {unknown}
 w - a ring of poison resistance (right hand)
Wands
 f - a wand of flame (20)
 B - a wand of acid (12)
Scrolls
 d - a scroll of noise {unknown}
 i - a scroll of immolation {unknown}
 j - 2 scrolls of enchant armour {unknown}
 o - 2 scrolls of fog
 u - a scroll of random uselessness {unknown}
 v - 3 scrolls of fear
 x - 2 scrolls of teleportation
 y - 3 scrolls of amnesia
 z - 3 scrolls of enchant weapon
 A - a scroll of blinking
Potions
 b - a potion of brilliance
 e - a potion of might {unknown}
 g - 4 potions of degeneration {unknown}
 h - a potion of mutation {unknown}
 k - 2 potions of berserk rage {unknown}
 l - a potion of curing {unknown}
 m - 2 potions of attraction {unknown}
 s - 4 potions of lignification {unknown}


   Skills:
 + Level 4.4 Fighting
 + Level 4.4 Dodging
 + Level 4.9 Unarmed Combat
 + Level 4.5 Spellcasting
 + Level 1.8 Hexes
 + Level 4.3 Transmutations


You had 8 spell levels left.
You knew the following spells:

 Your Spells              Type           Power        Failure   Level
a - Beastly Appendage     Tmut           38%          2%          1
b - Wereblood             Tmut           19%          3%          2
c - Slow                  Hex            10%          10%         2
d - Confusing Touch       Hex            10%          19%         3

Your spell library contained the following spells:

 Spells                   Type           Power        Failure   Level
 Corona                   Hex            11%          6%          1
 Magic Dart               Conj           16%          14%         1
 Ensorcelled Hibernation  Hex/Ice        14%          14%         2
 Spider Form              Tmut/Pois      5%           17%         3
 Tukima's Dance           Hex            10%          19%         3
 Blink                    Tloc           N/A          22%         2
 Call Imp                 Summ           4%           22%         2
 Dazzling Flash           Conj/Hex       14%          28%         3
 Conjure Flame            Conj/Fire      4%           38%         3
 Gell's Gravitas          Tloc           2%           38%         3
 Mephitic Cloud           Conj/Pois/Air  4%           38%         3
 Ice Form                 Ice/Tmut       11%          50%         4
 Petrify                  Tmut/Erth      11%          50%         4
 Blade Hands              Tmut           9%           54%         5
 Yara's Violent Unravell  Hex/Tmut       7%           73%         5
 Metabolic Englaciation   Hex/Ice        3%           95%         5


Dungeon Overview and Level Annotations

Branches:
Dungeon (6/15)
 Temple: D:4-7

Altars:
Gozag
Makhleb
Okawaru

Annotations:
D:4 2 runed translucent doors, Rennog's ghost, novice HuDe


Innate Abilities, Weirdness & Mutations

You have a pair of small antennae on your head.
Your flesh is cold resistant. (rC+)
A weak demonic guardian rushes to your aid.
You are immune to freezing clouds.
You have razor-sharp toenails.


Message History

* * * LOW HITPOINT WARNING * * *
The orc hits your iron imp but does no damage.
The orc priest calls upon Beogh to heal the orc.
The orc's wounds heal themselves!
Your iron imp closely misses the orc.
You hit the orc priest but do no damage.
Your kick misses the orc priest.
The orc priest is almost dead.
The orc warrior barely misses you.
The orc priest looks braver for a moment.
The orc hits your iron imp. Something hits you.
* * * LOW HITPOINT WARNING * * *
Something shocks you.
* * * LOW HITPOINT WARNING * * *
Your iron imp hits the orc.
The orc priest calls upon Beogh to heal the orc.
The orc's wounds heal themselves!
You hit the orc but do no damage.
Your iron imp closely misses the orc.
The orc priest calls down the wrath of Beogh upon you.
Beogh smites you!
You die...

#.. .. #.......+ #.. #.
#.......#
#...##.###.......########
#..≈.....#....>..........
#...≈#.#.............#...
#..........##........#...
......o5.#.##........#...
#.....oo...##........#...
#...##{#@####........#...
# #.#.#####...........
##.............#.#)).
#.....########'#.#)..
###.....# #.........###
..)......###.........# #
.....................# #
..........##.........# #
..........##......(..# #


You could see an orc warrior, an orc priest, an orc and a friendly iron imp
(summoned).

Vanquished Creatures
  A phantom (D:6)
  4 ogres
  A gnoll sergeant (D:3)
  A scorpion (D:6)
  A hound (D:5)
  A jelly (D:5)
  An orc priest (D:3)
  An orc wizard (D:4)
  A bullfrog skeleton (D:4)
  3 worker ants (D:4)
  4 adders
  6 gnolls
  A shadow imp (D:5)
  2 white imps
  5 worms
  3 leopard geckos
  20 orcs
  2 ball pythons
  7 giant cockroaches
  9 goblins
  8 hobgoblins
  7 jackals
  8 kobolds
  5 quokkas
  A ball python skeleton (D:4)
  6 bats
  4 frilled lizards
  5 rats
118 creatures vanquished.

Vanquished Creatures (collateral kills)
  Grinder (D:6)
  A phantom (D:4)
  A centaur (D:5)
  A howler monkey (D:4)
  A hound (D:4)
  A centaur skeleton (D:6)
  3 orc priests (D:4)
  An orc wizard (D:4)
  An iguana (D:6)
  2 gnolls (D:4)
  An adder (D:3)
  2 orcs
  4 jackals
  A leopard gecko skeleton (D:4)
21 creatures vanquished.

Grand Total: 139 creatures vanquished

Notes
Turn   | Place    | Note
-------+----------+-------------------------------------------
     0 | D:1      | FancyManDan the Demonspawn Transmuter began the quest for
                  | the Orb.
     0 | D:1      | Reached XP level 1. HP: 15/15 MP: 3/3
   191 | D:1      | Gained mutation: A weak demonic guardian rushes to your
                  | aid. [demonic ancestry]
   191 | D:1      | Reached XP level 2. HP: 21/21 MP: 3/5
  1141 | D:2      | Reached XP level 3. HP: 26/26 MP: 4/6
  1752 | D:3      | Learned a level 2 spell: Wereblood
  2003 | D:3      | Gained mutation: You have a pair of small antennae on your
                  | head. [demonic ancestry]
  2003 | D:3      | Reached XP level 4. HP: 33/33 MP: 7/7
  2259 | D:3      | Found an opulent altar of Gozag.
  2645 | D:3      | Found a burning altar of Makhleb.
  2769 | D:4      | Gained mutation: Your flesh is cold resistant. (rC+)
                  | [demonic ancestry]
  2769 | D:4      | Reached XP level 5. HP: 7/38 MP: 1/9
  3333 | D:4      | Reached XP level 6. HP: 46/46 MP: 8/10
  3842 | D:4      | Found a large runed translucent door.
  3842 | D:4      | Found a large runed translucent door.
  3844 | D:4      | Noticed Rennog's ghost (novice HuDe)
  4361 | D:4      | Reached XP level 7. HP: 28/52 MP: 2/12
  5143 | D:5      | Entered Level 5 of the Dungeon
  6352 | D:6      | Learned a level 2 spell: Slow
  6428 | D:6      | Noticed Grinder
  6440 | D:6      | Killed Grinder
  6441 | D:6      | Reached skill level 1 in Hexes
  6441 | D:6      | Gained mutation: You are immune to freezing clouds.
                  | [demonic ancestry]
  6441 | D:6      | Reached XP level 8. HP: 55/60 MP: 12/14
  6454 | D:6      | Learned a level 3 spell: Confusing Touch
  6802 | D:6      | Found an iron altar of Okawaru.
  7291 | D:6      | Killed from afar by an orc priest

Illustrated notes

Levels and vault maps discovered:
D:1:      psy_arrival_dodecagon, layout_basic, minmay_pentomino_r2
D:2:      layout_rooms
D:3:      layout_loops_corners, lemuel_coloured_pillars_altar,
          nicolae_gozag_cash_rules_everything_around_me, lemuel_old_faithful
D:4:      layout_basic, ebering_ghost_disaster_area, kennysheep_minor_cross,
          lightli_minifort
D:5:      layout_basic, serial_curves, eino_curves_04, eino_curves_02
D:6:      layout_basic, okawaru_metal_pillars_3,
          minmay_temple_entry_enclosed_plants, uniq_grinder

Skill      XL: |  1  2  3  4  5  6  7 |
---------------+----------------------+-----
Transmutations | 2 3 4 |  4.3
Dodging        | 2 3 4 |  4.4
Unarmed Combat | 3 4 |  4.9
Fighting       | 2 3 4 |  4.4
Spellcasting   | 3 4 |  4.5
Hexes          | 1 |  1.8

Action                   |  1- 3 |  4- 6 |  7- 9 || total
-------------------------+-------+-------+-------++-------
Melee: Unarmed           |   107 |   183 |   224 ||   514
       Kick              |    27 |    26 |    42 ||    95
       Headbutt          |    15 |       |       ||    15
       Punch             |       |     5 |     3 ||     8
 Cast: Beastly Appendage |    28 |    20 |    27 ||    75
       Wereblood         |     1 |     5 |     6 ||    12
       Confusing Touch   |       |       |     1 ||     1
  Use: Scroll            |     2 |     1 |     4 ||     7
       Potion            |       |     3 |       ||     3
 Stab: Distracted        |       |     1 |     3 ||     4
       Sleeping          |       |       |     1 ||     1
Armor: Robe              |    12 |     4 |     4 ||    20
Dodge: Dodged            |    51 |   128 |   179 ||   358
